 Dungeon Crawl Stone Soup version 0.28-a0-1395-g4f6bc678fa (webtiles) character file.

Game seed: 16245637933308134093

253 HallandMoats the Skirmisher (level 5, 0/43 HPs)
             Began as a Mummy Monk on Jan 5, 2022.
             Was a Believer of Okawaru.
             Slain by a scorpion (4 damage)
             ... on level 4 of the Dungeon.
             The game lasted 00:06:19 (4506 turns).

HallandMoats the Skirmisher (Mummy Monk)            Turns: 4506, Time: 00:06:19

Health: 0/43       AC:  9    Str: 17    XL:     5   Next: 90%
Magic:  6/6        EV: 11    Int:  9    God:    Okawaru [**....]
Gold:   241        SH:  0    Dex: 14    Spells: 4/4 levels left

rFire   . . .      SeeInvis .   a - +0 hand axe
rCold   + . .      Faith    .   (no shield)
rNeg    + + +      Spirit   .   o - +2 ring mail {rF+}
rPois   ∞          Reflect  .   (no helmet)
rElec   .          Harm     .   m - +1 cloak
rCorr   .          Rampage  .   (no gloves)
Will    .....                   (no boots)
Stlth   +.........              (no amulet)
HPRegen 0.14/turn               l - ring of wizardry
MPRegen 0.10/turn               (no ring)

@: no status effects
A: cold resistance 1, negative energy resistance 3, torment resistance 2, heat
vulnerability 1, no potions
a: Renounce Religion, Heroism


You were on level 4 of the Dungeon.
You worshipped Okawaru.
Okawaru was pleased with you.
You visited 1 branch of the dungeon, and saw 5 of its levels.

You collected 241 gold pieces.

Inventory:

Hand Weapons
 a - a +0 hand axe (weapon)
Armour
 m - a +1 cloak (worn)
 o - a +2 ring mail of fire resistance (worn)
Jewellery
 l - a ring of wizardry (left hand)
Scrolls
 b - a scroll of enchant armour {unknown}
 c - 3 scrolls of teleportation {unknown}
 d - 2 scrolls of immolation
 e - 3 scrolls of identify {unknown}
 g - a scroll of summoning {unknown}
 h - a scroll of enchant weapon {unknown}
 i - a scroll of acquirement {unknown}
 j - a scroll of silence {unknown}
 k - 2 scrolls of magic mapping {unknown}
 n - a scroll of amnesia {unknown}


   Skills:
 * Level 4.3 Fighting
 * Level 3.6 Axes
 + Level 1.4 Armour
 + Level 3.1 Dodging
 - Level 1.5 Stealth
 + Level 1.5 Invocations


You had 4 spell levels left.
You didn't know any spells.
Your spell library contained the following spells:

 Spells                   Type           Power      Damage    Failure   Level
 Magic Dart               Conj           0%         1d3       28%         1
 Confusing Touch          Hex            0%         N/A       61%         3
 Mephitic Cloud           Conj/Pois/Air  0%         N/A       61%         3
 Yara's Violent Unravell  Hex/Tmut       0%         3d3       100%        5
 Enfeeble                 Hex            0%         N/A       100%        7
 Call Imp                 Summ           Unusable   N/A       N/A         2

Dungeon Overview and Level Annotations

Branches:
Dungeon (5/15)
 Temple: D:4-7

Altars:
Cheibriados
Elyvilon
Fedhas
Gozag
Hepliaklqana
Kikubaaqudgha
Makhleb
Okawaru
Trog
Wu Jian
The Shining One

Shops:
D:4 =


Innate Abilities, Weirdness & Mutations

You are immune to poison.
Your flesh is cold resistant. (rC+)
You are immune to negative energy. (rN+++)
You are immune to unholy pain and torment.
You are vulnerable to heat. (rF-)
You do not drink.


Message History

The scorpion barely misses you. The scorpion closely misses you.
The scorpion completely misses you.
You are too injured to fight recklessly!
You are too injured to fight recklessly!
You are too injured to fight recklessly!
You are too injured to fight recklessly!
You are too injured to fight recklessly!
You are too injured to fight recklessly!
There is an open door here.
The scorpion stings you but does no damage.
There is a stone staircase leading up here.
The scorpion stings you but does no damage.
You climb upwards.
There is a stone staircase leading down here.
You hit the scorpion.
The scorpion is heavily wounded.
The scorpion closely misses you. The scorpion stings you.
You hit the scorpion but do no damage.
The scorpion is heavily wounded.
The scorpion barely misses you.
You closely miss the scorpion.
The scorpion is heavily wounded.
The scorpion stings you.
You hit the scorpion but do no damage.
The scorpion is heavily wounded.
The scorpion closely misses you. The scorpion stings you!
* * * LOW HITPOINT WARNING * * *
You hit the scorpion.
The scorpion is severely wounded.
The scorpion stings you.
* * * LOW HITPOINT WARNING * * *
The scorpion barely misses you. The scorpion barely misses you.
The scorpion closely misses you.
The scorpion stings you but does no damage.
The scorpion stings you.
* * * LOW HITPOINT WARNING * * *
The scorpion stings you but does no damage.
The scorpion stings you.
You die...

#....##.#.....................#
###....###........>...........##
##.#...###...................#...
#.......###...........###....#...
..###...#.............##.........
...###..##............#......#.[.
...###.......................#...
..##.##..#......s............#.##
.........##<##..@...............#
...###.....####........#........#
...####.....#............###.....
....###.##....#........#####.....
..#..#..###...##.......#.##..##..
#.#.....# #...##..............#..
..##....###.....[.>..............
.##......................#.......
....###.#.###............#..#)#..


You could see a scorpion.

Vanquished Creatures
  A phantom (D:4)
  A centaur zombie (D:5)
  6 adders
  4 worms
  4 dart slugs
  9 orcs
  6 endoplasms
  A giant cockroach (D:4)
  5 goblins
  7 hobgoblins
  2 quokkas (D:2)
  6 ball pythons
  5 bats
  3 frilled lizards (D:1)
  4 kobolds
  3 rats
67 creatures vanquished.

Notes
Turn   | Place    | Note
-------+----------+-------------------------------------------
     0 | D:1      | HallandMoats the Mummy Monk began the quest for the Orb.
     0 | D:1      | Reached XP level 1. HP: 18/18 MP: 1/1
   127 | D:1      | Reached XP level 2. HP: 15/24 MP: 2/2
  1178 | D:2      | Found a faded altar of an unknown god.
  1188 | D:2      | Reached XP level 3. HP: 20/29 MP: 3/3
  1843 | D:2      | Reached XP level 4. HP: 27/36 MP: 4/4
  2407 | D:3      | Reached skill level 1 in Invocations
  2712 | D:3      | Reached skill level 1 in Armour
  3368 | D:3      | Found an ornate altar of the Wu Jian Council.
  3368 | D:3      | Found an opulent altar of Gozag.
  3376 | D:3      | Found a bloodstained altar of Trog.
  3378 | D:3      | Found a burning altar of Makhleb.
  3380 | D:3      | Found a faded altar of an unknown god.
  3670 | D:4      | Found an ancient bone altar of Kikubaaqudgha.
  3675 | D:4      | Reached XP level 5. HP: 42/42 MP: 5/5
  3681 | D:4      | Found a snail-covered altar of Cheibriados.
  3681 | D:4      | Found a hazy altar of Hepliaklqana.
  3682 | D:4      | Found an iron altar of Okawaru.
  3690 | D:4      | Became a worshipper of Warmaster Okawaru
  3690 | D:4      | Reached * piety under Okawaru
  3690 | D:4      | Reached ** piety under Okawaru
  3775 | D:4      | Noticed a phantom
  3798 | D:4      | Killed a phantom
  3799 | D:4      | Reached skill level 4 in Fighting
  3967 | D:4      | Found a blossoming altar of Fedhas.
  4027 | D:4      | Identified the +9 spear "Dekk" {freeze, rF++ Str-5 Int+4}
  4035 | D:4      | Found Rafakuxt's Jewellery Shop.
  4235 | D:5      | Entered Level 5 of the Dungeon
  4506 | D:4      | Slain by a scorpion

Illustrated notes

Levels and vault maps discovered:
D:1:      minmay_arrival_stair_chambers, layout_basic, minmay_shallow_snake_nest
D:2:      layout_loops_ring, hellmonk_ecumenical_altar_blasted, minmay_cupped
D:3:      layout_basic, chequers_temple_overflow_minitemple,
          chequers_serial_rivers_micro_c, kennysheep_generic_room_14
D:4:      layout_cave_pools, grunt_temple_overflow_open,
          mainiacjoe_overflow_concentric_impassable, serial_shops, shop
D:5:      layout_gridville, minmay_temple_entry_mini_moons, grunt_ministairs_7

Skill      XL: |  1  2  3  4  5 |
---------------+----------------+-----
Axes           | 3 |  3.6
Invocations    | 1 |  1.5
Armour         | 1 |  1.4
Fighting       | 4 |  4.3
Dodging        | 3 |  3.1
Stealth        | |  1.5

Action                   |  1- 3 |  4- 6 || total
-------------------------+-------+-------++-------
Melee: Hand axe          |   108 |   169 ||   277
 Stab: Sleeping          |     4 |       ||     4
Armor: Robe              |     8 |       ||     8
       Ring mail         |    31 |    82 ||   113
Dodge: Dodged            |    62 |   108 ||   170

Table legend: (Time is in decaauts)
 A = Elapsed time spent in this place.
 B = Non-inter-level travel time spent in this place.
 C = Inter-level travel time spent in this place.
 D = Time resting spent in this place.
 E = Time spent auto-exploring this place.
 F = Levels seen in this place.
 G = Mean time per level.
                   A        B        C        D        E       F      G
               +--------+--------+--------+--------+--------+-----+--------+
         Total |   4552 |   4327 |    225 |    517 |   3065 |   5 |  910.4 |
       Dungeon |   4552 |   4327 |    225 |    517 |   3065 |   5 |  910.4 |
               +--------+--------+--------+--------+--------+-----+--------+

Top non-repeatable levels by time:
     D:1: 1332 daAuts
     D:3: 1132 daAuts
     D:2: 1091 daAuts
     D:4: 912 daAuts
     D:5: 82 daAuts
